General information
- name: BNet
- type: Ladder team game (AT/RT)
- host: Battle.net
- saver: Idler
map: GolemsInTheMist
- players: 8
- length: 31:10
- speed: Fast
- version: 1.28 W3XP
- replay type: Public
» download(222 KB)
Players
team 1 (winner)

»
Delroy (
red | 59 APM | 1836 actions | 31:09)
6 Priestess of the Moon
2 Searing Arrows
3 Trueshot Aura
1 Starfall
5 Keeper of the Grove
3 Entangling Roots
2 Thorns Aura
1 Blood Mage
1 Flame Strike
» actions
| Assign group hotkey | 8 | |
| Basic commands | 50 | |
| Build / train | 85 | |
| ESC pressed | 6 | |
| Enter build submenu | 36 | |
| Enter hero's abilities submenu | 12 | |
| Right click | 1025 | |
| Select / deselect | 475 | |
| Select group hotkey | 18 | |
| Use ability | 121 | |
1836 total
» units
| Wisp | 26 | |
| Archer | 3 | |
| Goblin Shredder | 1 | |
| Chimaera | 16 | |
| Hippogryph | 8 | |
54 total
» upgrades
| Strength of the Wild | 3 | |
| Reinforced Hides | 3 | |
| Corrosive Breath | 1 | |
| Well Spring | 1 | |
| Ultravision | 1 | |
9 total
» buildings
| Altar of Elders | 2 | |
| Moon Well | 11 | |
| Ancient of War | 4 | |
| Ancient of Wonders | 2 | |
| Tree of Ages | 4 | |
| Hunter's Hall | 1 | |
| Ancient Protector | 3 | |
| Tree of Eternity | 3 | |
| Tree of Life | 5 | |
| Ancient of Wind | 1 | |
| Chimaera Roost | 3 | |
39 total
» build order
00:19 Altar of Elders
00:32 Moon Well
01:30 Moon Well
01:34 Ancient of War
01:56 Ancient of Wonders
02:01 Ancient of War
02:23 Moon Well
02:36 Tree of Ages
02:36 Tree of Ages
02:36 Tree of Ages
02:56 Hunter's Hall
03:18 Moon Well
04:09 Ancient Protector
04:13 Ancient Protector
04:17 Ancient Protector
04:56 Tree of Eternity
04:57 Tree of Eternity
04:57 Tree of Eternity
05:11 Tree of Life
05:26 Tree of Life
05:44 Ancient of Wind
06:03 Moon Well
06:06 Moon Well
07:05 Moon Well
07:38 Chimaera Roost
07:39 Chimaera Roost
07:56 Chimaera Roost
08:32 Moon Well
09:59 Ancient of Wonders
22:45 Tree of Life
22:49 Tree of Life
23:01 Moon Well
23:01 Moon Well
23:02 Moon Well
23:41 Tree of Life
24:08 Altar of Elders
24:24 Tree of Ages
28:33 Ancient of War
28:48 Ancient of War
» items
MajorNewbs (
yellow | 27 APM | 611 actions | 22:20)
2 Blood Mage
1 Flame Strike
1 Siphon Mana
» actions
| Basic commands | 29 | |
| Build / train | 55 | |
| Enter build submenu | 17 | |
| Enter hero's abilities submenu | 2 | |
| Remove unit from queue | 5 | |
| Right click | 187 | |
| Select / deselect | 265 | |
| Use ability | 51 | |
611 total
» units
| Peasant | 16 | |
| Mortar Team | 10 | |
| Siege Engine | 8 | |
34 total
» upgrades
| Gunpowder | 3 | |
| Armor | 2 | |
| Flare | 1 | |
| Fragmentation Shards | 1 | |
| Lumber Harvesting | 1 | |
| Barrage | 1 | |
| Plating | 2 | |
11 total
» buildings
| Lumber Mill | 1 | |
| Altar of Kings | 1 | |
| Farm | 8 | |
| Scout Tower | 1 | |
| Blacksmith | 1 | |
| Arcane Tower | 1 | |
| Keep | 2 | |
| Workshop | 4 | |
| Castle | 1 | |
20 total
» build order
00:29 Lumber Mill
01:17 Altar of Kings
01:20 Farm
01:23 Scout Tower
01:52 Blacksmith
01:57 Arcane Tower
02:02 Farm
02:50 Farm
03:01 Farm
03:28 Keep
03:28 Keep
03:37 Farm
04:32 Farm
05:14 Farm
05:57 Workshop
06:05 Workshop
06:07 Workshop
06:14 Castle
09:29 Workshop
10:22 Farm

»
soicymikey (
orange | 27 APM | 423 actions | 15:44)
2 Priestess of the Moon
1 Searing Arrows
1 Trueshot Aura
» actions
| Build / train | 31 | |
| Enter build submenu | 16 | |
| Enter hero's abilities submenu | 2 | |
| Right click | 202 | |
| Select / deselect | 155 | |
| Use ability | 17 | |
423 total
» units
| Wisp | 12 | |
| Dryad | 8 | |
| Druid of the Claw | 3 | |
23 total
» upgrades
| Strength of the Wild | 1 | |
| Reinforced Hides | 1 | |
| Druid of the Claw Training | 1 | |
3 total
» buildings
| Altar of Elders | 1 | |
| Moon Well | 6 | |
| Tree of Ages | 1 | |
| Hunter's Hall | 1 | |
| Ancient of Lore | 2 | |
| Tree of Eternity | 1 | |
| Tree of Life | 1 | |
13 total
» build order
01:21 Altar of Elders
01:38 Moon Well
02:54 Tree of Ages
03:04 Moon Well
03:58 Hunter's Hall
04:01 Moon Well
05:19 Ancient of Lore
06:09 Ancient of Lore
06:43 Moon Well
08:33 Moon Well
11:16 Tree of Eternity
12:39 Tree of Life
13:25 Moon Well
Idler (
teal | 66 APM | 2050 actions | 31:10)
11 Blademaster
3 Wind Walk
3 Critical Strike
3 Bladestorm
2 Mirror Image
» actions
| Assign group hotkey | 72 | |
| Basic commands | 14 | |
| Build / train | 57 | |
| Enter build submenu | 26 | |
| Enter hero's abilities submenu | 10 | |
| Give item / drop item | 1 | |
| Remove unit from queue | 2 | |
| Right click | 1319 | |
| Select / deselect | 201 | |
| Select group hotkey | 218 | |
| Use ability | 130 | |
2050 total
» units
| Peon | 10 | |
| Goblin Shredder | 1 | |
| Troll Batrider | 10 | |
21 total
» upgrades
| Reinforced Defenses | 1 | |
| Liquid Fire | 1 | |
| Ranged Weapons | 1 | |
| Troll Regeneration | 1 | |
4 total
» buildings
| Orc Burrow | 4 | |
| Altar of Storms | 1 | |
| Voodoo Lounge | 1 | |
| War Mill | 2 | |
| Stronghold | 1 | |
| Watch Tower | 12 | |
| Fortress | 1 | |
| Beastiary | 3 | |
| Barracks | 1 | |
| Great Hall | 1 | |
27 total
» build order
00:18 Orc Burrow
00:20 Altar of Storms
01:11 Voodoo Lounge
01:51 War Mill
04:57 Stronghold
07:13 Watch Tower
07:14 Watch Tower
07:14 Watch Tower
07:15 Watch Tower
07:37 Orc Burrow
08:39 Fortress
11:42 Beastiary
11:44 Beastiary
11:46 Beastiary
12:05 Orc Burrow
12:09 Orc Burrow
12:34 War Mill
14:05 Barracks
17:04 Great Hall
17:07 Watch Tower
17:08 Watch Tower
17:08 Watch Tower
17:09 Watch Tower
17:09 Watch Tower
17:14 Watch Tower
17:14 Watch Tower
» items
| Healing Salve | 3 | |
| Lesser Clarity Potion | 2 | |
| Scroll of Town Portal | 2 | |
| Potion of Healing | 1 | |
| Orb of Lightning | 1 | |
9 total
team 2 (loser)

»
derelik (
pink | 96 APM | 2991 actions | 31:09)
6 Dreadlord
2 Vampiric Aura
3 Sleep
1 Inferno
4 Tauren Chieftain
1 Shockwave
1 Endurance Aura
1 Reincarnation
1 War Stomp
» actions
| Assign group hotkey | 40 | |
| Basic commands | 65 | |
| Build / train | 99 | |
| ESC pressed | 3 | |
| Enter build submenu | 27 | |
| Enter hero's abilities submenu | 11 | |
| Right click | 1319 | |
| Select / deselect | 349 | |
| Select group hotkey | 987 | |
| Use ability | 91 | |
2991 total
» units
| Acolyte | 2 | |
| Ghoul | 3 | |
| Necromancer | 11 | |
| Meatwagon | 7 | |
| Gargoyle | 9 | |
| Troll Headhunter/Berserker | 6 | |
| Banshee | 7 | |
| Tauren | 2 | |
47 total
» upgrades
| Necromancer Training | 2 | |
| Exhume Corpses | 1 | |
| Skeletal Longevity | 1 | |
| Skeletal Mastery | 1 | |
| Unholy Armor | 1 | |
| Unholy Strength | 1 | |
| Banshee Training | 2 | |
| Berserker Upgrade | 1 | |
| Reinforced Defenses | 1 | |
11 total
» buildings
| Crypt | 1 | |
| Altar of Darkness | 2 | |
| Ziggurat | 9 | |
| Nerubian Tower | 2 | |
| Graveyard | 1 | |
| Halls of the Dead | 4 | |
| Tomb of Relics | 1 | |
| Spirit Tower | 4 | |
| Temple of the Damned | 2 | |
| Slaughterhouse | 1 | |
| Black Citadel | 2 | |
| Beastiary | 2 | |
| Necropolis | 1 | |
32 total
» build order
00:13 Crypt
00:20 Altar of Darkness
00:35 Ziggurat
01:28 Nerubian Tower
01:28 Nerubian Tower
01:34 Graveyard
02:27 Halls of the Dead
02:27 Halls of the Dead
02:27 Halls of the Dead
02:43 Ziggurat
03:16 Tomb of Relics
04:08 Spirit Tower
04:50 Temple of the Damned
04:57 Temple of the Damned
05:01 Slaughterhouse
05:43 Black Citadel
05:59 Ziggurat
06:42 Ziggurat
08:07 Ziggurat
10:14 Spirit Tower
12:51 Beastiary
12:52 Beastiary
14:07 Ziggurat
20:32 Altar of Darkness
20:33 Ziggurat
21:42 Ziggurat
23:00 Spirit Tower
23:00 Spirit Tower
24:24 Ziggurat
29:33 Necropolis
» items
| Dust of Appearance | 1 | |
| Scroll of Town Portal | 1 | |
2 total
Kael (
purple | 68 APM | 2129 actions | 31:09)
4 Mountain King
2 Storm Bolt
2 Bash
2 Blood Mage
1 Siphon Mana
1 Banish
1 Tauren Chieftain
1 War Stomp
» actions
| Assign group hotkey | 35 | |
| Basic commands | 153 | |
| Build / train | 88 | |
| Enter build submenu | 39 | |
| Enter hero's abilities submenu | 8 | |
| Right click | 1217 | |
| Select / deselect | 456 | |
| Select group hotkey | 6 | |
| Use ability | 127 | |
2129 total
» units
| Peasant | 18 | |
| Rifleman | 9 | |
| Mortar Team | 3 | |
| Siege Engine | 5 | |
35 total
» upgrades
| Gunpowder | 2 | |
| Armor | 2 | |
| Lumber Harvesting | 2 | |
| Long Rifles | 1 | |
| Fragmentation Shards | 1 | |
| Barrage | 1 | |
9 total
» buildings
| Farm | 20 | |
| Altar of Kings | 2 | |
| Lumber Mill | 1 | |
| Blacksmith | 1 | |
| Barracks | 1 | |
| Scout Tower | 8 | |
| Arcane Tower | 4 | |
| Arcane Vault | 1 | |
| Town Hall | 5 | |
| Keep | 2 | |
| Guard Tower | 5 | |
| Castle | 2 | |
| Workshop | 2 | |
| Tauren Totem | 1 | |
55 total
» build order
00:10 Farm
00:12 Altar of Kings
00:24 Lumber Mill
01:24 Farm
01:42 Blacksmith
01:47 Barracks
01:54 Scout Tower
02:09 Farm
02:23 Arcane Tower
02:23 Arcane Tower
03:09 Arcane Vault
03:36 Farm
04:29 Town Hall
05:31 Scout Tower
05:32 Scout Tower
05:33 Scout Tower
05:34 Scout Tower
06:15 Keep
06:47 Farm
06:48 Farm
06:49 Farm
06:53 Guard Tower
06:53 Guard Tower
08:11 Arcane Tower
08:11 Arcane Tower
08:13 Farm
08:15 Farm
08:17 Scout Tower
08:17 Scout Tower
08:19 Farm
08:19 Farm
08:39 Castle
08:39 Castle
09:16 Workshop
09:17 Workshop
10:19 Farm
11:11 Farm
13:05 Tauren Totem
13:49 Farm
14:21 Farm
14:33 Guard Tower
14:35 Scout Tower
14:36 Farm
14:41 Farm
19:28 Town Hall
21:40 Town Hall
23:07 Town Hall
23:33 Altar of Kings
24:54 Farm
24:55 Farm
27:35 Town Hall
28:12 Farm
» items
| Scroll of Regeneration | 1 | |
| Lesser Clarity Potion | 3 | |
| Orb of Fire | 1 | |
| Potion of Healing | 2 | |
| Scroll of Town Portal | 2 | |
| Healing Salve | 1 | |
10 total
DelroyIsANiger (
blue | 75 APM | 2324 actions | 31:09)
5 Blood Mage
3 Flame Strike
2 Siphon Mana
4 Archmage
2 Blizzard
2 Brilliance Aura
1 Tauren Chieftain
1 Shockwave
2 Paladin
1 Holy Light
1 Divine Shield
» actions
| Assign group hotkey | 42 | |
| Basic commands | 208 | |
| Build / train | 118 | |
| Enter build submenu | 42 | |
| Enter hero's abilities submenu | 12 | |
| Remove unit from queue | 1 | |
| Right click | 704 | |
| Select / deselect | 442 | |
| Select group hotkey | 650 | |
| Use ability | 105 | |
2324 total
» units
| Peasant | 29 | |
| Goblin Shredder | 1 | |
| Flying Machine | 18 | |
| Sorceress | 4 | |
| Mortar Team | 3 | |
| Siege Engine | 3 | |
| Priest | 2 | |
| Goblin Zeppelin | 1 | |
| Gryphon Rider | 7 | |
68 total
» upgrades
| Masonry | 2 | |
| Magic Sentry | 1 | |
| Gunpowder | 3 | |
| Priest Training | 2 | |
| Flak Cannons | 1 | |
| Flying Machine Bombs | 1 | |
| Plating | 1 | |
| Fragmentation Shards | 1 | |
| Flare | 1 | |
| Sorceress Training | 3 | |
| Armor | 2 | |
| Barrage | 1 | |
| Animal War Training | 1 | |
| Storm Hammers | 1 | |
| Swords | 2 | |
23 total
» buildings
| Altar of Kings | 1 | |
| Farm | 13 | |
| Scout Tower | 7 | |
| Lumber Mill | 1 | |
| Arcane Tower | 1 | |
| Keep | 1 | |
| Town Hall | 2 | |
| Arcane Vault | 1 | |
| Guard Tower | 4 | |
| Arcane Sanctum | 2 | |
| Blacksmith | 1 | |
| Castle | 1 | |
| Workshop | 3 | |
| Gryphon Aviary | 4 | |
| Barracks | 1 | |
43 total
» build order
00:20 Altar of Kings
00:34 Farm
01:07 Farm
01:49 Scout Tower
02:14 Lumber Mill
02:17 Arcane Tower
03:45 Keep
03:52 Town Hall
04:00 Scout Tower
04:02 Scout Tower
04:03 Scout Tower
04:05 Scout Tower
04:10 Farm
04:10 Farm
04:14 Arcane Vault
04:34 Guard Tower
06:03 Farm
06:05 Farm
06:05 Farm
06:23 Scout Tower
06:24 Scout Tower
06:33 Arcane Sanctum
06:46 Blacksmith
06:56 Farm
06:58 Guard Tower
07:03 Guard Tower
07:04 Guard Tower
07:30 Castle
07:36 Farm
07:37 Farm
08:13 Workshop
08:15 Workshop
08:19 Farm
08:55 Workshop
09:41 Gryphon Aviary
11:08 Arcane Sanctum
12:11 Gryphon Aviary
15:55 Barracks
16:14 Farm
16:15 Farm
21:11 Gryphon Aviary
21:12 Gryphon Aviary
22:56 Town Hall
» items
| Scroll of Town Portal | 2 | |
| Staff of Sanctuary | 1 | |
3 total

»
HOTmess (
green | 108 APM | 1290 actions | 11:56)
3 Tauren Chieftain
2 Endurance Aura
1 Shockwave
» actions
| Assign group hotkey | 107 | |
| Basic commands | 48 | |
| Build / train | 33 | |
| Enter build submenu | 12 | |
| Enter hero's abilities submenu | 3 | |
| Give item / drop item | 1 | |
| Right click | 483 | |
| Select / deselect | 141 | |
| Select group hotkey | 412 | |
| Use ability | 50 | |
1290 total
» units
» upgrades
| Pillage | 1 | |
| Melee Weapons | 2 | |
| Berserker Strength | 1 | |
4 total
» buildings
| War Mill | 1 | |
| Orc Burrow | 6 | |
| Altar of Storms | 1 | |
| Barracks | 2 | |
| Voodoo Lounge | 1 | |
| Stronghold | 1 | |
| Fortress | 1 | |
13 total
» build order
00:13 War Mill
00:47 Orc Burrow
00:55 Altar of Storms
01:19 Barracks
01:42 Orc Burrow
02:21 Barracks
03:07 Orc Burrow
04:09 Orc Burrow
05:25 Voodoo Lounge
06:41 Stronghold
09:09 Fortress
10:21 Orc Burrow
11:02 Orc Burrow
» items
| Scroll of Regeneration | 3 | |
| Lesser Clarity Potion | 2 | |
| Scroll of Town Portal | 1 | |
| Healing Salve | 1 | |
7 total
Chat log
(00:03 / All) DelroyIsANiger: nigger?
(00:07 / All) Delroy: ahhh NIGGER!
(00:09 / All) DelroyIsANiger: nigger!
(00:38 / All) Delroy: this game is full of niggers.
(00:39 / All) MajorNewbs: blue and red are twins
(00:42 / All) DelroyIsANiger: i know!
(00:49 / All) DelroyIsANiger: hey
(00:51 / Allies) Idler: I'll feed you delroy
(00:53 / All) DelroyIsANiger: primary colors
(00:54 / All) DelroyIsANiger: nice
(00:54 / Allies) Idler: I just want to go bm only
(00:55 / All) DelroyIsANiger: lets do it again
(00:56 / Allies) Delroy: wtf!?!?
(00:57 / All) MajorNewbs: which one of you twins was born first?
(00:58 / Allies) Idler: maybe sh
(00:59 / All) DelroyIsANiger: Say something nigger and newbs
(00:59 / All) DelroyIsANiger:
(01:00 / Allies) Delroy: go for it
(01:05 / Allies) Idler: orange afk
(01:08 / Allies) Delroy: im going chims then i guess.
(01:08 / All) MajorNewbs: who was born first
(01:08 / All) DelroyIsANiger:
(01:09 / All) DelroyIsANiger:
(01:10 / Allies) soicymikey: im here
(01:11 / All) MajorNewbs: red or blue?
(01:15 / All) MajorNewbs: two twins
(01:15 / All) DelroyIsANiger: say shit
(01:17 / All) DelroyIsANiger: fuck
(01:17 / All) DelroyIsANiger:
(01:20 / All) DelroyIsANiger: it was beautiful
(01:21 / All) DelroyIsANiger:
(01:28 / All) DelroyIsANiger: nigger]
(01:29 / All) DelroyIsANiger:
(01:30 / All) DelroyIsANiger: do this
(01:31 / All) DelroyIsANiger: and newbs
(01:31 / All) DelroyIsANiger:
(01:43 / All) DelroyIsANiger: fucking niggers
(01:46 / All) Delroy: NIGGERS!
(01:51 / All) DelroyIsANiger: gawdamn
(01:52 / All) HOTmess: gg bleus tking
(01:57 / All) DelroyIsANiger: gg
(01:59 / All) DelroyIsANiger: apparently im tking
(02:00 / All) DelroyIsANiger: LOL
(02:05 / Allies) Delroy: teal u are harassing?
(02:07 / All) HOTmess: hes massing farms
(02:09 / All) HOTmess: 0 units
(02:10 / All) DelroyIsANiger: YAH
(02:11 / All) HOTmess: good work
(02:12 / All) DelroyIsANiger: LOL
(02:13 / Allies) Idler: yeah
(02:19 / Allies) Idler: gonna creep green first
(02:32 / All) MajorNewbs: yall need to Get JEHOVAH JESUS ELOHIM
(02:34 / All) HOTmess: YELLOW TECHS EVERY GAME
(02:39 / All) MajorNewbs: for the salvation of your pathetic souls
(02:40 / All) HOTmess: and now bleus massign farms
(02:43 / Allies) Delroy: teal u have extra wood peons?
(02:44 / All) HOTmess: gg delroy
(02:45 / All) DelroyIsANiger: MASSSING
(02:46 / All) MajorNewbs: you inferior fools
(02:47 / All) DelroyIsANiger: JUST MAAAASSSING
(02:49 / All) DelroyIsANiger: SO MANY FARMS
(02:51 / All) DelroyIsANiger: FUUUCK ME
(03:04 / All) Delroy: ahahhaah
(03:10 / All) Delroy: THIS IS MY ONLY GAME OF DAY MAKE IT GOOD NIGGERS
(03:10 / All) DelroyIsANiger: what a nigger teammate
(03:20 / All) HOTmess: and he ahs 0 units
(03:21 / All) soicymikey: dont say the n word
(03:40 / Allies) Idler: they surely will mass t1 lol
(03:46 / Allies) Delroy: yes we lost lol
(04:09 / All) MajorNewbs: yall need JESUS for the Salvation of your pathetic souls you inferior fools
(04:11 / Allies) Idler: didn';t get ww bonus
(04:13 / Allies) Idler: because new patch
(04:16 / Allies) Idler: pause on new command
(04:29 / All) MajorNewbs: The Lord Gives And The High Lord Takes Away
(04:38 / All) MajorNewbs: you inferior fools
(04:48 / All) Delroy: The lord is a nigger
(05:44 / All) HOTmess: yeah gg
(05:49 / All) Delroy: ???
(05:53 / All) MajorNewbs: YAHWEH ELOHIM The LORD Gives and He Takes Away
(05:54 / All) Delroy: lol he IS A NIGGER
(06:00 / All) HOTmess: yelwlos morts woin this
(06:08 / All) HOTmess: team wont rush
(06:25 / All) Delroy: how u think yellow morts?
(06:29 / All) HOTmess: u ahve 2 techers and my team wont rush
(06:31 / All) MajorNewbs: Ther is No Way, but YAHWEH The High LORD
(06:41 / All) Delroy: 2 techers?
(06:46 / All) MajorNewbs: you will Know His WRATH
(06:50 / All) HOTmess: yellwo techs EVERY GAME
(06:53 / All) HOTmess: and so does teal
(07:03 / Allies) Idler: ?
(07:07 / Allies) Idler: I'm 0-0
(07:09 / All) HOTmess: see
(07:16 / All) Delroy: why u think 2 techers?
(07:20 / Allies) Delroy: GG THEY WINNED
(08:01 / All) HOTmess: your win
(08:03 / All) HOTmess: thank blue
(08:05 / All) Delroy: Stfu nigger
(08:05 / All) DelroyIsANiger: ggwp
(08:07 / All) DelroyIsANiger: thank me
(08:08 / All) DelroyIsANiger: :D
(08:19 / All) HOTmess: never seen a dumber fuckin player
(08:23 / All) DelroyIsANiger: :D
(08:25 / All) MajorNewbs: you will Know The Wrath of GOD ELOHIM YAHWEH
(08:33 / All) MajorNewbs: The High LORD
(08:37 / All) Delroy: OLOLOLO
(08:38 / All) DelroyIsANiger: RED MASS CHIMS
(08:39 / All) Delroy: WHO SCANNING NIGGERS
(08:43 / All) DelroyIsANiger: MASS FLING MACHINE ENGAGED
(08:44 / All) DelroyIsANiger: LOL GG NIGGER
(08:46 / All) DelroyIsANiger: CANCEL THAT SHIT
(09:12 / Allies) Delroy: TAKE OUR BLUE NOW
(09:15 / Allies) Delroy: HE IS MASSING FLYING MACHINES.
(09:21 / All) DelroyIsANiger: lets see how well flying machine does vs chim
(09:23 / All) DelroyIsANiger: :D
(09:27 / All) HOTmess: BRO I MASSED GRUNTS CAUS EU FUCKS HAD 0 UNITS
(09:28 / All) DelroyIsANiger: especially triple chim roost
(09:29 / All) HOTmess: I SAID RUSH
(09:29 / Allies) Idler: Let's go Major
(09:34 / Allies) Idler: In god we trust!
(09:35 / All) HOTmess: I KNOW 2 OF THEM FUCKIN FLAT OUT TECH
(09:41 / All) HOTmess: U WANTED TO FUCKIN MASS FARMS NOT ME
(09:48 / All) DelroyIsANiger: MASS FARMS LOL
(09:49 / All) DelroyIsANiger: 2 FARMS
(09:50 / All) DelroyIsANiger: IS MASS
(10:15 / Allies) Delroy: teal i only need wood now
(10:18 / Allies) Delroy: im upkeep.
(10:43 / All) HOTmess: WHY TEH FUCK WOULD U TP ALSO PURPLE
(10:45 / Allies) Delroy: wE HAVE TO TAKE BLUE OUT.
(10:52 / Allies) soicymikey: GET OVER HERE
(11:40 / All) DelroyIsANiger: dooooo
(11:47 / All) DelroyIsANiger: Warned u nigger
(11:49 / All) HOTmess: 4000 gold for bleu wow gg
(11:53 / All) DelroyIsANiger: Gg
(11:53 / Allies) Idler: getting bat
(11:59 / All) DelroyIsANiger: LOL
(12:05 / All) DelroyIsANiger: 1 nigger down
(13:04 / Allies) soicymikey: gold plz
(13:33 / Allies) Idler: I getting bats
(13:42 / Allies) Idler: out
(13:46 / Allies) Idler: out
(13:53 / All) DelroyIsANiger: nigger i said cancel roosts
(13:54 / All) DelroyIsANiger: wtf
(14:01 / All) DelroyIsANiger: u cant do anything vs this niggery shit
(14:07 / All) DelroyIsANiger: chims slow as fuck
(14:15 / All) Delroy: i told my team they had to kill u..
(14:18 / All) Delroy: they didnt.
(14:19 / All) DelroyIsANiger: xDDDD
(14:20 / All) DelroyIsANiger: nigger team
(14:22 / Allies) Idler: hang on
(14:25 / All) Delroy: dumb nigger team.
(14:39 / Allies) Idler: gold
(15:09 / All) DelroyIsANiger: Wtf
(15:09 / All) DelroyIsANiger: nigger
(15:20 / All) Delroy: LOL NIGGERS
(15:22 / All) DelroyIsANiger: LOL
(16:17 / Allies) Delroy: I HAVENO TP
(17:25 / All) Idler: convenient
(17:30 / All) Delroy: ?
(17:30 / All) Idler: soon as I start building ya fucking maggot
(18:32 / Allies) Delroy: PASS ME TP MAYBE?
(18:37 / Allies) Idler: on kotg
(18:52 / All) DelroyIsANiger: #
(19:16 / All) DelroyIsANiger: wait delroy i got the ultimate army
(19:17 / All) DelroyIsANiger: fight meee
(19:25 / All) DelroyIsANiger: oh fuck
(19:27 / All) DelroyIsANiger: ur kinda busy
(19:42 / All) DelroyIsANiger: here ill wait
(19:47 / All) MajorNewbs: red is a chimp
(19:51 / All) MajorNewbs: obvious newb
(20:04 / All) MajorNewbs: watch the replay, red has downs syndrome
(20:06 / All) DelroyIsANiger: XD
(20:09 / All) MajorNewbs: he is a chimp brained newb
(20:12 / All) DelroyIsANiger: reds fkin pwning
(20:14 / All) Delroy: ???
(20:15 / All) Delroy: thanks?
(20:18 / All) MajorNewbs: red is a gimp
(20:20 / All) MajorNewbs: period
(20:26 / All) MajorNewbs: chimp boy red
(20:30 / Allies) Delroy: halpmeh
(20:31 / Allies) Delroy: HALPMEH
(21:43 / All) MajorNewbs: gg, lucky I had chimp boy red on My side
(21:46 / All) DelroyIsANiger: lol
(21:49 / All) MajorNewbs: the kid has half a brain
(21:49 / All) DelroyIsANiger: hes better than u
(21:51 / All) DelroyIsANiger: 5000 times
(21:57 / All) MajorNewbs: hahahah, he wishes
(22:03 / All) MajorNewbs: red has half a brain
(22:06 / All) MajorNewbs: a chimp boy
(22:19 / Allies) Idler: got root?
(22:38 / Allies) Delroy: kill that nigger bro
(22:43 / Allies) Idler: no mana
(23:15 / All) Delroy: well im out niggers
(23:16 / All) Delroy: was fun
(23:18 / All) DelroyIsANiger: nigger xD
(23:25 / All) DelroyIsANiger: gg nigger
(23:25 / Allies) Idler: they don't have expos
(23:33 / All) Delroy: i was at major disadvantage... our top guy was afk and teal only wanted to pool.
(23:44 / All) DelroyIsANiger: oh ya
(23:45 / All) DelroyIsANiger: thats niggery
(24:46 / All) Delroy: nigger, you get quite the array of units huh/
(24:49 / All) DelroyIsANiger: :DDDD
(24:52 / All) DelroyIsANiger: fuck ya nigger
(24:55 / All) DelroyIsANiger: i go through it all
(25:06 / All) Delroy: That tc died?
(25:07 / All) Delroy: LOL
(25:13 / All) DelroyIsANiger: hes back
(25:21 / All) DelroyIsANiger: WTF IGGER
(25:24 / All) Delroy: LOL TEAL KILLED U NIGGER
(25:29 / All) DelroyIsANiger: FUCKING NIGGER
(25:35 / Allies) Idler: I shoulda expoed earlier lawl
(25:36 / All) DelroyIsANiger: oh hes still here
(25:40 / All) DelroyIsANiger: fukcing nigger
(25:57 / All) Delroy: wtf is nigger pink doing?
(26:02 / All) DelroyIsANiger: masing goldmines
(26:25 / All) Delroy: im glad major newbs made it to lvl 2 hero in a 30 minute game.
(26:36 / All) DelroyIsANiger: lul
(27:10 / All) DelroyIsANiger: damn niggers
(27:33 / All) Delroy: niggers everywhere!
(27:36 / All) DelroyIsANiger: :D
(28:09 / All) Delroy: eww 2-2 nigger
(28:16 / All) DelroyIsANiger: What
(28:23 / All) Delroy: wtf was purple jawwing on about
(28:27 / All) Delroy: watch replay i am noob?
(28:34 / All) DelroyIsANiger: what was he saying
(28:38 / All) Delroy: idk
(28:44 / All) Delroy: someone said watch replay delroy is noob.
(28:50 / All) DelroyIsANiger: lol
(28:53 / All) DelroyIsANiger: that was guy on ur team that quit
(29:01 / All) Delroy: LMFAO
(29:12 / All) Delroy: teal wanted to play his bm
(29:19 / All) Delroy: and by nigger god he played his bm
(29:20 / All) DelroyIsANiger: what a nigger
(29:22 / All) Delroy: level 9
(29:27 / All) DelroyIsANiger: ya
(29:33 / All) Idler: too bad we had majornewbs
(29:34 / All) Delroy: now nigger..
(29:39 / All) Delroy: you went bloodmage
(29:42 / All) Delroy: and didnt expo?
(29:47 / All) Delroy: or u did and my nigger team wouldnt check it..
(29:50 / All) DelroyIsANiger: i did
(29:52 / All) DelroyIsANiger: its all mined out
(29:54 / All) DelroyIsANiger: LOL NIGGER
(30:06 / All) Delroy: what a bunch of dumb fucking niggers
(30:07 / All) DelroyIsANiger: how do you think i was able to make 50000 different armies
(30:07 / All) Delroy: i told them
(31:02 / All) DelroyIsANiger: gg nigger
(31:06 / All) Delroy: GG
(31:07 / All) Delroy: peace out